 Dungeon Crawl Stone Soup version 0.21.1-1-g345015f (webtiles) character file.

3 shakethe the Chopper (level 1, -2/16 HPs)
             Began as a Demonspawn Gladiator on Feb 25, 2018.
             Slain by a gnoll
             ... wielding a +0 halberd
              (5 damage)
             ... on level 1 of the Dungeon.
             The game lasted 00:00:07 (105 turns).

shakethe the Chopper (Demonspawn Gladiator)          Turns: 105, Time: 00:00:08

Health: -2/16      AC:  4    Str: 14    XL:     1   Next: 41%
Magic:  1/1        EV: 12    Int:  9    God:
Gold:   8          SH:  0    Dex: 14    Spells: 0/0 levels left

rFire    . . .     SeeInvis .   a - +0 war axe
rCold    . . .     Gourm    .   (no shield)
rNeg     . . .     Faith    .   b - +0 leather armour
rPois    .         Spirit   .   c - +0 helmet
rElec    .         Reflect  .   (no cloak)
rCorr    .         Harm     .   (no gloves)
MR       .....                  (no boots)
Stlth    +.........             (no amulet)
HPRegen  0.05/turn              (no ring)
MPRegen  0.07/turn              (no ring)

@: no status effects
A: no striking features
a: no special abilities


You were on level 1 of the Dungeon.
You were not hungry.

You visited 1 branch of the dungeon, and saw 1 of its levels.

You collected 8 gold pieces.

Inventory:

Hand Weapons
 a - a +0 war axe (weapon)
Missiles
 d - 3 throwing nets {=f, !d}
Armour
 b - a +0 leather armour (worn)
 c - a +0 helmet (worn)
Scrolls
 e - a scroll of identify {unknown}
 g - a scroll of amnesia {unknown}
Potions
 h - a potion of degeneration {unknown}
Comestibles
 f - 2 rations


   Skills:
 + Level 2.0 Fighting
 + Level 2.7 Axes
 + Level 1.8 Throwing
 + Level 2.7 Dodging


You couldn't memorise any spells.
You didn't know any spells.

Dungeon Overview and Level Annotations

Branches:
Dungeon (1/15)

Altars:


Message History

No target in view!
No target in view!
No target in view!
No target in view!
No target in view!
You open the door.
A bat comes into view.
There is an open door here.
You miss the bat. The bat barely misses you.
The bat hits you but does no damage. The bat completely misses you.
You barely miss the bat. The bat hits you but does no damage. The bat hits you.
The bat hits you but does no damage.
You take 1 damage, and have 15/16 hp.
You barely miss the bat. The bat closely misses you. The bat barely misses you.
The bat hits you but does no damage.
You slash the bat!
You kill the bat!
No target in view!
No target in view!
No target in view!
No target in view!
No target in view!
No target in view!
h - a red potion Health restored: 16 No target in view!
No target in view!
No target in view!
No target in view!
No target in view!
No target in view!
No target in view!
No target in view!
No target in view!
A jackal comes into view.
The jackal barks!
You hear a bark!
You hear a shout!
A rat and a jackal come into view.
The teleport trap disappears.
The jackal disappears!
The jackal barely misses you. The jackal completely misses you.
You barely miss the jackal.
The jackal bites you but does no damage.
The jackal misses you.
Your leather armour prevents you from hitting the rat.
You closely miss the jackal. The rat closely misses you.
The jackal bites you but does no damage.
The rat bites you but does no damage. The jackal barely misses you.
You hit the rat.
You kill the rat!
You completely miss the jackal. The jackal closely misses you.
The jackal barely misses you.
You barely miss the jackal. The jackal closely misses you.
You barely miss the jackal.
The jackal bites you but does no damage.
The jackal barely misses you.
You closely miss the jackal. The jackal closely misses you.
The jackal bites you but does no damage.
You closely miss the jackal. The jackal barely misses you. x2
You hit the jackal. The jackal misses you.
The jackal bites you but does no damage.
You closely miss the jackal. The jackal barely misses you.
The jackal bites you but does no damage.
You hit the jackal.
You kill the jackal!
No target in view!
No target in view!
No target in view!
No target in view!
No target in view!
No target in view!
No target in view!
No target in view!
No target in view!
No target in view!
No target in view!
You now have 8 gold pieces.
A kobold comes into view.
You barely miss the kobold. The kobold barely misses you.
You hit the kobold. The kobold hits you but does no damage.
You barely miss the kobold. The kobold misses you.
The kobold closely misses you.
You slash the kobold!
You kill the kobold!
No target in view!
No target in view!
No target in view!
No target in view!
No target in view!
A gnoll comes into view. It is wielding a halberd.
The gnoll shouts!
The gnoll hits you but does no damage.
You hit the gnoll but do no damage. The gnoll closely misses you.
You barely miss the gnoll. The gnoll closely misses you.
The gnoll hits you with a halberd!
Ouch! That really hurt!
* * * LOW HITPOINT WARNING * * *
You take 13 damage, and have 3/16 hp.
MASSIVE DAMAGE!!
You hit the gnoll. The gnoll misses you.
You barely miss the gnoll. The gnoll hits you with a halberd.
You die...

.#####..≈...#
##...##.≈≈..# #.$#
##.<.##.≈≈..# #..#
##...##.≈≈..# #..#
.##'##.§≈...# #..#
.......≈§..####..#
≈≈§≈§≈≈§...# #...#
.≈≈§≈§....## #..g#
...§§§...## ##..@#
.......### ##....#
###.########.....####.#
###'#####.............#
..................#####
....(.............######
.....#.#.................
.....#.#.######.#.#######
.......#.#).......#


You could see a gnoll.

Vanquished Creatures
  A jackal (D:1)
  A bat (D:1)
  A kobold (D:1)
  A rat (D:1)
4 creatures vanquished.

Notes
Turn   | Place    | Note
-------+----------+-------------------------------------------
     0 | D:1      | shakethe the Demonspawn Gladiator began the quest for the Orb.
     0 | D:1      | Reached XP level 1. HP: 16/16 MP: 1/1
   103 | D:1      | HP: 3/16 [gnoll/halberd (13)]
   105 | D:1      | Slain by a gnoll

Action                   || total
-------------------------++-------
Melee: War axe           ||    22
Armor: Leather armour    ||    13
Dodge: Dodged            ||    24

Vault maps used:
D:1:      dpeg_arrival_concentric_ovals

Table legend:
 A = Turns spent in this place as a percentage of turns spent in the entire game.
 B = Non-inter-level travel turns spent in this place as a percentage of non-inter-level travel turns spent in the entire game.
 C = Inter-level travel turns spent in this place as a percentage of turns spent in this place.
 D = Turns resting spent in this place as a percentage of non-inter-level travel turns spent in this place.
 E = Turns spent auto-exploring this place as a percentage of non-inter-level travel turns spent in this place.
 F = Non-inter-level travel turns spent in this place divided by the number of levels of this place that you've seen.
                   A       B       C       D       E      F
               +-------+-------+-------+-------+-------+----------------------
         Total | 100.0 | 100.0 |   0.0 |   0.0 |  64.8 | 105.0
       Dungeon | 100.0 | 100.0 |   0.0 |   0.0 |  64.8 | 105.0
               +-------+-------+-------+-------+-------+----------------------

Table legend:
 A = Kills in this place as a percentage of kills in entire the game.
 B = Kills by you in this place as a percentage of kills by you in the entire game.
 C = Kills by friends in this place as a percentage of kills by friends in the entire game.
 D = Other kills in this place as a percentage of other kills in the entire game.
 E = Experience gained in this place as a percentage of experience gained in the entire game.
 F = Experience gained in this place divided by the number of levels of this place that you have seen.
                   A       B       C       D       E      F
               +-------+-------+-------+-------+-------+----------------------
         Total | 100.0 | 100.0 |   N/A |   N/A | 100.0 |   5.0
       Dungeon | 100.0 | 100.0 |   N/A |   N/A | 100.0 |   5.0
               +-------+-------+-------+-------+-------+----------------------
